 Dungeon Crawl Stone Soup version 0.27-a0-906-g0a00ce863d (webtiles) character file.

Game seed: 15347619202320848106

4785 leviel the Carver (level 10, -3/138 HPs)
             Began as a Hill Orc Fighter on Apr 6, 2021.
             Was a Believer of the Shining One.
             Slain by a boulder beetle (25 damage)
             ... on level 9 of the Dungeon.
             The game lasted 00:17:38 (13595 turns).

leviel the Carver (Hill Orc Fighter)               Turns: 13595, Time: 00:17:39

Health: -3/138     AC: 25    Str: 23    XL:     10   Next: 47%
Magic:  10/10      EV:  2    Int:  8    God:    the Shining One [**....]
Gold:   491        SH: 11    Dex: 10    Spells: 9/9 levels left

rFire    . . .     SeeInvis .   a - +1 long sword
rCold    . . .     Faith    .   c - +0 kite shield
rNeg     + + +     Spirit   .   (armour currently unavailable)
rPois    +         Reflect  .   (helmet currently unavailable)
rElec    .         Harm     .   (cloak currently unavailable)
rCorr    .         Rampage  .   (gloves currently unavailable)
Will     .....     NoTele   +   (boots currently unavailable)
Stlth    +.........             (no amulet)
HPRegen  0.33/turn              (no ring)
MPRegen  0.12/turn              (no ring)

@: mighty, tree-form, glowing
A: stationary, stasis, torment immunity, boosted hp, (claws 1), wild magic 2
a: Renounce Religion, Divine Shield


You were on level 9 of the Dungeon.
You worshipped the Shining One.
The Shining One was pleased with you.
You were a tree.
You visited 2 branches of the dungeon, and saw 10 of its levels.
You also visited: Sewer.

You collected 491 gold pieces.

Inventory:

Hand Weapons
 a - a +1 long sword (weapon)
Armour
 b - a +0 cloak (melded)
 c - a +0 kite shield (worn)
 e - a +4 ring mail (melded)
 f - a +0 helmet (melded)
 p - a +1 pair of boots (melded)
Jewellery
 h - a ring of fire
Wands
 d - a wand of iceblast (9)
 r - a wand of random effects (26)
 t - a wand of paralysis (5)
Scrolls
 i - a scroll of fear
 l - 2 scrolls of identify
 m - 2 scrolls of amnesia
 q - 4 scrolls of blinking
 u - 3 scrolls of teleportation
Potions
 g - 2 potions of lignification
 j - a potion of magic
 o - a potion of curing


   Skills:
 * Level 9.7 Fighting
 + Level 9.9 Long Blades
 + Level 7.1 Armour
 + Level 3.4 Dodging
 + Level 1.3 Stealth
 + Level 7.5 Shields


You had 9 spell levels left.
You didn't know any spells.
Your spell library contained the following spells:

 Spells                   Type           Power      Damage    Failure   Level
 Beastly Appendage        Tmut           0%         N/A       87%         1
 Passwall                 Tmut/Erth      0%         N/A       94%         2
 Swiftness                Air            0%         N/A       94%         2
 Wereblood                Tmut           0%         N/A       94%         2
 Spider Form              Tmut/Pois      0%         N/A       99%         3
 Ice Form                 Ice/Tmut       0%         N/A       100%        4
 Passage of Golubria      Tloc           N/A        N/A       100%        4
 Hydra Form               Tmut           0%         N/A       100%        5
 Lee's Rapid Deconstruct  Erth           0%         3d5*      100%        5
 Invisibility             Hex            0%         N/A       100%        6


Dungeon Overview and Level Annotations

Branches:
Dungeon (9/15)             Temple (1/1) D:5           Sewer (visited)
   Lair: D:8-11         Orc: D:9-12

Altars:
Ashenzari
Cheibriados
Elyvilon
Gozag
Hepliaklqana
Makhleb
Nemelex Xobeh
Qazlal
Ru
Sif Muna
Trog
Uskayaw
Vehumet
Wu Jian
Yredelemnul
Zin
The Shining One

Shops:
D:1 !   D:9 :

Annotations:
D:2 1 runed translucent door, Crazy Yiuf


Innate Abilities, Weirdness & Mutations

You are a tree.
Your roots penetrate the ground, keeping you stationary.
You cannot be teleported.
You are immune to unholy pain and torment.
Your maximum health is greatly increased.
Your equipment is partially melded.
((You have sharp fingernails.))
Your spells are harder to cast, but more powerful.


Message History

The boulder beetle bites you!
* * * LOW HITPOINT WARNING * * *
You hit the boulder beetle.
The boulder beetle is heavily wounded.
The boulder beetle waves its antennae.
The boulder beetle leaps!
You cannot move.
You hit the boulder beetle but do no damage.
The boulder beetle is heavily wounded.
You block the boulder beetle's attack.
You hit the boulder beetle.
The boulder beetle is severely wounded.
The boulder beetle bites you but does no damage.
You completely miss the boulder beetle.
The boulder beetle is severely wounded.
The boulder beetle bites you!
* * * LOW HITPOINT WARNING * * *
You hit the boulder beetle but do no damage.
The boulder beetle is severely wounded.
The boulder beetle completely misses you.
You riposte.
You hit the boulder beetle but do no damage.
The boulder beetle is severely wounded.
You feel very mighty all of a sudden.
The boulder beetle bites you but does no damage.
You hit the boulder beetle.
The boulder beetle is severely wounded.
You block the boulder beetle's attack.
You hit the boulder beetle.
The boulder beetle is severely wounded.
You block the boulder beetle's attack.
You hit the boulder beetle but do no damage.
The boulder beetle is severely wounded.
The boulder beetle bites you.
* * * LOW HITPOINT WARNING * * *
The boulder beetle waves its antennae.
The boulder beetle leaps!
The boulder beetle curls into a ball and begins rolling!
The boulder beetle hits you!!
You die...

....# #.....#...###..#
.[.## #.<...#..#..#[###
...# #.....####..#...#
....# ##....#...###..##
......# ###......##...##
........##..##...####..#
.............####..#...####
.............#..#..##.....#
.............#°B♣####.....#
.........######...##..#
...............#..# ###
...............#..#
..................###
..........##..#.....#
.............#####..#
.....##......# #.# .....
.......# ..#


You could see a boulder beetle (rolling).

Vanquished Creatures
  An ugly thing (D:9)
  Grinder (D:3)
  Prince Ribbit (D:7)
  2 steam dragons
  2 water moccasins
  2 orc warriors (D:8)
  2 black bears
  5 ice beasts
  A necrophage (D:5)
  6 ogres
  A phantom (D:6)
  Blork the orc (D:6)
  2 gnoll sergeants
  A kobold brigand (D:9)
  4 bullfrogs
  2 scorpions
  A wyvern zombie (D:6)
  A water moccasin skeleton (D:5)
  11 wights
  A howler monkey (D:6)
  2 electric eels (D:7)
  A centaur zombie (D:9)
  2 hounds
  A jelly (D:8)
  2 orc priests
  2 iguanas
  Jessica (D:3)
  Terence (D:2)
  5 orc wizards
  A hound zombie (D:5)
  11 gnolls
  6 adders
  A river rat (D:4)
  2 ufetubi
  A worm zombie (D:5)
  An adder skeleton (D:4)
  4 worms
  2 dart slugs
  16 orcs
  3 ball pythons
  7 endoplasms
  5 giant cockroaches
  9 hobgoblins
  6 jackals
  4 quokkas
  5 bats
  3 frilled lizards
  4 goblins
  13 kobolds
  7 rats
176 creatures vanquished.

Vanquished Creatures (others)
  2 orc wizards (D:8)
  An orc (D:8)
  43 plants
46 creatures vanquished.

Grand Total: 222 creatures vanquished

Notes
Turn   | Place    | Note
-------+----------+-------------------------------------------
     0 | D:1      | leviel the Hill Orc Fighter began the quest for the Orb.
     0 | D:1      | Reached XP level 1. HP: 19/19 MP: 1/1
   159 | D:1      | Reached XP level 2. HP: 12/27 MP: 2/2
   480 | D:1      | Found Tontefen's Distillery.
   671 | D:1      | Reached XP level 3. HP: 30/33 MP: 3/3
  1003 | D:2      | Reached XP level 4. HP: 18/40 MP: 4/4
  2142 | D:2      | Noticed Terence
  2166 | D:2      | Killed Terence
  2167 | D:2      | Reached XP level 5. HP: 21/47 MP: 5/5
  2434 | D:2      | Found a faded altar of an unknown god.
  2588 | D:2      | Found a runed translucent door.
  2589 | D:2      | Noticed Crazy Yiuf
  2824 | D:3      | Noticed Grinder
  2824 | D:3      | Paralysed by Grinder for 2 turns
  2849 | D:3      | Paralysed by Grinder for 4 turns
  2856 | D:3      | Paralysed by Grinder for 4 turns
  2864 | D:3      | Gained mutation: Your spells are a little harder to cast,
                  | but a little more powerful. [potion of mutation]
  2864 | D:3      | Gained mutation: You have sharp fingernails. [potion of
                  | mutation]
  2864 | D:3      | Gained mutation: Your spells are harder to cast, but more
                  | powerful. [potion of mutation]
  2865 | D:3      | Paralysed by Grinder for 6 turns
  3406 | D:3      | Paralysed by Grinder for 7 turns
  3418 | D:3      | Paralysed by Grinder for 7 turns
  3427 | D:3      | Killed Grinder
  3428 | D:3      | Reached skill level 5 in Fighting
  3428 | D:3      | Reached skill level 5 in Armour
  3428 | D:3      | Reached skill level 1 in Dodging
  3428 | D:3      | Reached XP level 6. HP: 28/56 MP: 6/6
  3999 | D:3      | Noticed Jessica
  4003 | D:3      | Killed Jessica
  4004 | D:3      | Reached XP level 7. HP: 61/61 MP: 7/7
  4082 | D:4      | Found a glowing drain.
  4110 | Sewer    | Entered a sewer
  4240 | Sewer    | Reached skill level 5 in Shields
  4819 | D:4      | Reached skill level 5 in Long Blades
  5296 | D:5      | Entered Level 5 of the Dungeon
  5302 | D:5      | Found a staircase to the Ecumenical Temple.
  5653 | D:5      | Reached XP level 8. HP: 52/70 MP: 8/8
  6617 | Temple   | Entered the Ecumenical Temple
  6854 | Temple   | Became a worshipper of the Shining One
  7610 | D:6      | Noticed Blork the orc
  7625 | D:6      | Killed Blork the orc
  7626 | D:6      | Reached skill level 1 in Stealth
  7653 | D:6      | Reached XP level 9. HP: 58/79 MP: 9/9
  8850 | D:7      | Reached * piety under the Shining One
  9045 | D:7      | Noticed Prince Ribbit
  9069 | D:7      | Killed Prince Ribbit
 10632 | D:8      | Reached XP level 10. HP: 76/90 MP: 10/10
 12240 | D:8      | Reached ** piety under the Shining One
 12352 | D:8      | Found a sparkling altar of Nemelex Xobeh.
 12436 | D:9      | Found Kucvo's Book Emporium.
 12869 | D:9      | Noticed a red ugly thing
 12869 | D:9      | Noticed a skeletal warrior
 12965 | D:9      | Noticed a cyclops
 13247 | D:9      | Killed a red ugly thing
 13556 | D:9      | Noticed a boulder beetle
 13595 | D:9      | Slain by a boulder beetle

Illustrated notes

Levels and vault maps discovered:
D:1:      noname_arrival_rooms_in_the_neighbourhood, layout_rooms, serial_shops,
          shop_statue
D:2:      layout_basic, basic_ecumenical_altar, uniq_crazy_yiuf_cottage,
          uniq_terence
D:3:      layout_loops_corners, small_statue_alley_b, uniq_grinder, uniq_jessica
D:4:      layout_loops_cross, serial_rivers, chequers_serial_rivers_small_3,
          chequers_serial_rivers_micro_a, chequers_serial_rivers_small_3,
          chequers_serial_rivers_micro_c, chequers_serial_rivers_small_b,
          cheibrodos_sewer_entry_sluice, hangedman_abyss_or_decor_passed
D:5:      layout_basic, minmay_temple_entry_drinking_statues, enter_ossuary_3
D:6:      layout_loops_corners, kennysheep_boxes, uniq_blork_the_orc
D:7:      layout_loops_cross, nicolae_overflow_hidden_temple,
          serial_bayou_ford_a, uniq_prince_ribbit1
D:8:      layout_basic, nemelex_diamond_rough_becter, wad_rectangle_vault
D:9:      minmay_blocky_corners, layout_cave_pools, david_lair_shrubbed,
          serial_shops, shop, nicolae_island_escapes
Temple:   eino_temple_rhombus

Skill      XL: |  1  2  3  4  5  6  7  8  9 10 |
---------------+-------------------------------+-----
Shields        | 4 5 6 7 |  7.5
Fighting       | 4 5 7 8 9 |  9.7
Armour         | 4 5 6 7 |  7.1
Long Blades    | 3 4 5 7 9 |  9.9
Dodging        | 1 2 3 |  3.4
Stealth        | 1 |  1.3

Action                   |  1- 3 |  4- 6 |  7- 9 | 10-12 || total
-------------------------+-------+-------+-------+-------++-------
Melee: Long sword        |    92 |   148 |   386 |   184 ||   810
  Use: Potion            |       |     7 |     7 |     3 ||    17
       Scroll            |       |     2 |       |    11 ||    13
Armor: Scale mail        |    42 |    38 |       |       ||    80
       Ring mail         |       |    15 |   132 |    89 ||   236
       Skin              |       |     5 |       |     5 ||    10
Dodge: Dodged            |    25 |    37 |   137 |    67 ||   266
Block: Kite shield       |    58 |    74 |   204 |    95 ||   431
       Rpst.: Long sword |     9 |    15 |    42 |    14 ||    80

Table legend: (Time is in decaauts)
 A = Elapsed time spent in this place.
 B = Non-inter-level travel time spent in this place.
 C = Inter-level travel time spent in this place.
 D = Time resting spent in this place.
 E = Time spent auto-exploring this place.
 F = Levels seen in this place.
 G = Mean time per level.
                   A        B        C        D        E       F      G
               +--------+--------+--------+--------+--------+-----+--------+
         Total |  13850 |  13128 |    722 |   4334 |   6779 |  11 | 1259.1 |
       Dungeon |  13318 |  12623 |    695 |   4254 |   6438 |   9 | 1479.8 |
        Temple |    253 |    227 |     26 |      0 |    207 |   1 |  253.0 |
         Sewer |    278 |    278 |      0 |     80 |    134 |   1 |  278.0 |
               +--------+--------+--------+--------+--------+-----+--------+

Top non-repeatable levels by time:
     D:8: 2012 daAuts
     D:6: 1970 daAuts
     D:7: 1918 daAuts
     D:3: 1540 daAuts
     D:1: 1436 daAuts
     D:2: 1401 daAuts
     D:5: 1127 daAuts
     D:4: 1049 daAuts
     D:9: 860 daAuts
   Sewer: 278 daAuts
  Temple: 253 daAuts
